Map: Acropolis LE

Players

Djorn - Winner!

  • Race: Protoss Protoss
  • Spawn Location: 11:00

A.I. 1 (Very Easy)

  • Race: Protoss Protoss
  • Spawn Location: 5:00

VOD

Have the link to the VOD?

Description

Time

  • Played on: Aug. 23, 2019, 12:14 a.m.
  • Length: 5:05
Show
View Real Time Build Order
Export as new Build Order

Djorn Protoss - Winner!

Build Orders:  

Get SALT Encoding   

  12  0:18  Probe  
  13  0:29  Pylon  
  13  0:33  Probe  
  14  0:45  Probe  
  15  0:55  Gateway  
  15  1:02  Probe, Assimilator  
  16  1:10  Probe, Assimilator  
  17  1:18  Probe  
  18  1:27  Pylon  
  18  1:28  Probe  
  19  1:40  Probe  
  20  1:52  Probe  
  21  1:55  Cybernetics Core  
  21  2:01  Zealot  
  21  2:04  Probe  
  24  2:16  Probe  
  25  2:28  Zealot  
  27  2:36  Robotics Facility  
  27  2:38  Pylon  
  27  2:52  Warp Gate  
  27  2:55  Adept  
  29  3:14  Immortal  
  29  3:25  Adept  
  35  3:42  Pylon  
  35  3:46  Immortal, Pylon  
  35  3:55  Gateway  
  39  4:00  Zealot  
  41  4:14  Warp Prism  
  41  4:27  Zealot  
Show
View Real Time Build Order
Export as new Build Order

A.I. 1 (Very Easy) Protoss 

Build Orders:  

Get SALT Encoding   

  12  0:00  Probe  
  13  0:13  Probe  
  14  0:20  Pylon  
  14  0:36  Assimilator  
  14  0:43  Gateway  
  14  0:46  Pylon  
  14  1:15  Assimilator  
  14  1:16  Probe  
  14  1:24  Probe  
  15  1:32  Probe  
  16  1:33  Cybernetics Core  
  17  1:42  Probe  
  18  1:55  Probe  
  18  1:59  Warp Gate  
  19  2:03  Probe  
  20  2:09  Stalker  
  22  4:32  Stalker  
  22  4:34  Pylon  
  22  4:44  Probe  
Tags
 
Matchup
PvP
Replay Pack
sc2replays
Spawn Locations
Cross Positions
Add a new tag
Caveats
  • Supply blocks, unpowered buildings, or Contaminate may cause inaccurate times.
  • Supply counts are checked every 10 seconds.